 Dungeon Crawl Stone Soup version 0.18-a0-1595-g0d04c30 (webtiles) character file.

206 sugabear the Ducker (level 5, -5/27 HPs)
             Began as a Vine Stalker Gladiator on Mar 20, 2016.
             Slain by a wyvern (7 damage)
             ... on level 3 of the Dungeon.
             The game lasted 00:03:16 (1890 turns).

sugabear the Ducker (Vine Stalker Gladiator)        Turns: 1890, Time: 00:03:17

Health: -5/27      AC:  8    Str: 19    XL:     5   Next: 84%
Magic:  0/6        EV: 12    Int:  8    God:
Gold:   137        SH:  0    Dex: 14    Spells: 0 memorised, 4 levels left

rFire  . . .     SeeInvis .     a - +0 flail
rCold  . . .     Gourm    .     x - +0 ring mail
rNeg   . . .     Faith    .     (no shield)
rPois  .         Spirit   +     c - +0 helmet
rElec  .         Dismiss  .     l - +0 cloak
rCorr  .         Reflect  .     m - +0 pair of gloves
SustAt .         Harm     .     (no boots)
MR     .....                    (no amulet)
Stlth  +.........               (no ring)
                                (no ring)

@: not resistant to hostile enchantments, very unstealthy
A: fangs 2, regeneration 1, magic shield, antimagic bite, no device heal 3, rot
immunity
a: no special abilities


You were on level 3 of the Dungeon.
You were hungry.

You visited 1 branch of the dungeon, and saw 3 of its levels.

You collected 137 gold pieces.

Inventory:

Hand Weapons
 a - a +0 flail (weapon)
Missiles
 d - a throwing net (quivered)
 i - 6 javelins
 n - 6 tomahawks
Armour
 b - a +0 leather armour
 c - a +0 helmet (worn)
 l - a +0 cloak (worn)
 m - a +0 pair of gloves (worn)
 x - a +0 ring mail (worn)
Jewellery
 z - an uncursed ring of resist corrosion {unknown}
Scrolls
 e - 2 scrolls of noise {unknown}
 k - 2 scrolls of identify {unknown}
 r - a scroll of immolation {unknown}
 s - a scroll of fog {unknown}
 t - a scroll of enchant weapon {unknown}
 u - 2 scrolls of remove curse {unknown}
 y - 2 scrolls of enchant armour {unknown}
Potions
 g - a potion of cure mutation {unknown}
 h - 2 potions of curing {unknown}
 o - a potion of experience {unknown}
 v - 2 potions of berserk rage {unknown}
 A - a potion of heal wounds {unknown}
Comestibles
 f - 5 bread rations
 j - 2 slices of pizza
 p - 7 fruits
 q - 2 beef jerkies
 w - a meat ration


   Skills:
 + Level 2.4 Fighting
 + Level 3.6 Maces & Flails
 + Level 2.2 Throwing
 + Level 1.1 Armour
 + Level 3.8 Dodging


You had 4 spell levels left.
You didn't know any spells.

Dungeon Overview and Level Annotations

Branches:
Dungeon (3/15)

Altars:
Elyvilon
Nemelex Xobeh
Ru


Innate Abilities, Weirdness & Mutations

You have extremely sharp teeth.
Your natural rate of healing is unusually fast.
When hurt, damage is shared between your health and your magic reserves.
Your bite disrupts and absorbs the magic of your enemies.
Potions and wands cannot restore your health.
You are immune to rotting.


Message History

You sock the wyvern!
The wyvern is moderately wounded.
The wyvern struggles against the net. x2
The net rips apart, and the wyvern comes free!
You thump the wyvern! You bite the wyvern. You drain its power.
You feel invigorated.
The wyvern is heavily wounded.
The wyvern closely misses you. The wyvern misses you.
You closely miss the wyvern.
The wyvern is heavily wounded.
The wyvern closely misses you. The wyvern misses you.
Unknown command.
Throwing (i - inventory. (,) - cycle):
d - 2 throwing nets (quivered)
Press: ? - help, Shift-Dir - straight line, f/p - wyvern
Aim: a wyvern (heavily wounded)
You throw a throwing net.
The throwing net completely misses the wyvern.
The throwing net barely misses the hobgoblin.
The wyvern bites you!
You die...

######### #.......##############
####### #.......+.........[...
#...... #.......###....####...
#......#####.......# #.....# #...
#..............#+### #..##.###...
#.............g#.#####..#...##...
#.......†(....gl@.......#.P.#....
#.............h#........#...#....
#.....†........#######..##.##....
#........................#.#.....
..................#####.##.##.###
....#....######...#...###...###
....+>...'....'.....P....._ ...
##...######...#...###. .. ....#
#...#####.# ###


You could see a wyvern, a jackal and 2 hobgoblins.

Vanquished Creatures
  Natasha (thrice) (D:2)
  6 adders
  An ooze (D:1)
  2 worms
  2 dart slugs (D:2)
  A giant gecko (D:2)
  An orc (D:3)
  A ball python (D:2)
  11 bats
  6 giant cockroaches
  4 goblins
  4 hobgoblins
  8 jackals
  6 kobolds
  A quokka (D:3)
  2 giant newts (D:2)
  6 rats
65 creatures vanquished.

Notes
Turn   | Place    | Note
--------------------------------------------------------------
     0 | D:1      | sugabear the Vine Stalker Gladiator began the quest for the Orb.
     0 | D:1      | Reached XP level 1. HP: 11/11 MP: 2/2
    82 | D:1      | Reached XP level 2. HP: 15/15 MP: 3/3
   619 | D:2      | Reached XP level 3. HP: 18/18 MP: 4/4
   762 | D:2      | Found a sacrificial altar of Ru.
   814 | D:2      | Reached XP level 4. HP: 7/23 MP: 5/5
   916 | D:2      | Noticed Natasha
   944 | D:2      | Killed Natasha
   960 | D:2      | Noticed Natasha
   968 | D:2      | Killed Natasha
   968 | D:2      | Reached skill level 1 in Armour
   968 | D:2      | Reached XP level 5. HP: 23/26 MP: 6/6
  1144 | D:2      | Noticed Natasha
  1149 | D:2      | Killed Natasha
  1172 | D:2      | Found a sparkling altar of Nemelex Xobeh.
  1835 | D:3      | Found a white marble altar of Elyvilon.
  1870 | D:3      | Noticed a wyvern
  1885 | D:3      | HP: 1/27 [wyvern (11)]
  1890 | D:3      | Slain by a wyvern

Vault maps used:
D:1:      lemuel_arrival_broad_hall
D:2:      marbit_many_paths, nemelex_deck, uniq_natasha
D:3:      elyvilon_altar_1, first_bread, portal_sewer_entry_e,
          minmay_tree_intersection

Skill      XL: |  1  2  3  4 |
---------------+-------------+-----
Throwing       | 2 |  2.2
Dodging        | 3 |  3.8
Maces & Flails | 3 |  3.6
Fighting       | 2 |  2.4
Armour         | 1 |  1.1

Action                   |  1- 3 |  4- 6 || total
-------------------------+-------+-------++-------
Melee: Flail             |    99 |   105 ||   204
Throw: Javelin           |     2 |    10 ||    12
       Throwing net      |       |     3 ||     3
       Tomahawk          |       |     1 ||     1
  Eat: Chunk             |       |     3 ||     3
